 Dungeon Crawl Stone Soup version 0.29.1-2-gbd0b4ee654 (webtiles) character file.

Game seed: 10890790134491467677

41 Icepheonix32 the Ruffian (level 3, 0/27 HPs)
             Began as a Demigod Transmuter on Nov 9, 2022.
             Succumbed to an adder's poison
             ... on level 2 of the Dungeon.
             The game lasted 00:01:30 (1348 turns).

Icepheonix32 the Ruffian (Demigod Transmuter)       Turns: 1348, Time: 00:01:31

Health: 0/27       AC:  3    Str: 15    XL:     3   Next: 16%
Magic:  9/9        EV: 12    Int: 15    God:
Gold:   55         SH:  0    Dex: 14    Spells: 5/6 levels left

rFire   . . .      SeeInvis .     - Unarmed
rCold   . . .      Faith    .   (no shield)
rNeg    . . .      Spirit   .   d - +0 leather armour
rPois   .          Reflect  .   (helmet currently unavailable)
rElec   .          Harm     .   (no cloak)
rCorr   .          Rampage  .   (no gloves)
Will    .....                   (boots currently unavailable)
Stlth   +.........              (no amulet)
HPRegen 0.09/turn               (no ring)
MPRegen 0.11/turn               (no ring)

@: lethally poisoned (0 -> -7), appendages (expiring), hasted, very quick
A: horns 2, talons 2, high MP 1, forlorn, divine attributes
a: End Transformation


You were on level 2 of the Dungeon.
You had temporarily grown beastly horns and talons.
You visited 1 branch of the dungeon, and saw 2 of its levels.

You collected 55 gold pieces.

Inventory:

Missiles
 k - 5 atropa-tipped darts
Armour
 a - a +0 robe
 d - a +0 leather armour (worn)
Scrolls
 c - a scroll of noise
Potions
 b - 2 potions of lignification
 g - a potion of curing {unknown}
 h - a potion of cancellation {unknown}
 i - a potion of attraction {unknown}
 j - a potion of mutation {unknown}


   Skills:
 + Level 0.8 Fighting
 + Level 2.0 Dodging
 + Level 3.4 Unarmed Combat
 + Level 2.3 Spellcasting
 + Level 2.0 Transmutations


You had 5 spell levels left.
You knew the following spells:

 Your Spells              Type           Power      Damage    Failure   Level
a - Beastly Appendage     Tmut           14%        N/A       12%         1

Your spell library contained the following spells:

 Spells                   Type           Power      Damage    Failure   Level
 Wereblood                Tmut           7%         N/A       17%         2
 Spider Form              Tmut/Pois      4%         N/A       45%         3
 Ice Form                 Ice/Tmut       4%         N/A       86%         4


Dungeon Overview and Level Annotations

Branches:
Dungeon (2/15)

Shops:
D:2 [


Innate Abilities, Weirdness & Mutations

You have temporarily grown beastly horns and talons.
You have an increased reservoir of magic. (+10% MP)
You shall have no god before yourself.
Your divine heritage dramatically boosts your attributes as you level up.


Message History

You feel sick. The adder misses you. The goblin barely misses you.
Unknown command.
You closely miss the adder. You claw the adder.
The adder is almost dead.
You feel sick. The adder closely misses you.
An adder comes into view.
The adder bites you but does no damage.
Unknown command.
The adder hisses angrily.
You hit the adder.
You kill the adder!
You feel sick. The goblin hits you with a +0 dagger.
You have reached level 3!
Your experience leads to a dramatic increase in your attributes!
Increase (S)trength, (I)ntelligence, or (D)exterity?
You feel stronger. x4
You barely miss the goblin. You claw the goblin.
You kill the goblin!
You feel sick.
Unknown command.
Okay, then.
It was a potion of haste.
You feel yourself speed up.
You feel sick.
You feel sick.
Things that are here:
a +0 dagger; a goblin corpse You hit the hobgoblin.
You claw the hobgoblin.
You kill the hobgoblin!
You feel sick. The adder closely misses you.
You see here a hobgoblin corpse.
You punch the adder!
The adder is severely wounded.
You feel sick.
You are no longer poisoned.
The adder bites you.
* * * LOW HITPOINT WARNING * * *
You are lethally poisoned!
The adder poisons you!
You miss the adder. Your kick misses the adder. You headbutt the adder.
You kill the adder!
You die...

..............#.#....
...........)#.........
.....................
#.............####...
.
..................##.#
..................#..#
......#.#.............
.......∩..............
......#.#.....@.......
.............)...?....
.............†........
.............†........
..................<...
#.......######........
........ .........
###### ##.......
......


There were no monsters in sight!

Vanquished Creatures
  2 adders (D:2)
  2 dart slugs
  An endoplasm (D:2)
  5 goblins
  3 hobgoblins
  5 jackals (D:1)
  2 kobolds (D:1)
  3 ball pythons (D:1)
  2 frilled lizards
  A rat (D:1)
26 creatures vanquished.

Notes
Turn   | Place    | Note
-------+----------+-------------------------------------------
     0 | D:1      | Icepheonix32 the Demigod Transmuter began the quest for the
                  | Orb.
     0 | D:1      | Reached XP level 1. HP: 15/15 MP: 5/5
   314 | D:1      | Reached skill level 3 in Unarmed Combat
   378 | D:1      | Reached XP level 2. HP: 11/22 MP: 7/7
  1265 | D:2      | Found Toleotasug's Armour Shop.
  1342 | D:2      | Reached XP level 3. HP: 9/27 MP: 9/9
  1348 | D:2      | Succumbed to an adder's poison

Illustrated notes

Levels and vault maps discovered:
D:1:      elethiomel_arrival_shortcut, layout_basic, minmay_tiny_reverse_x
D:2:      layout_rooms, basic_ecumenical_altar, serial_shops, shop,
          nicolae_shop_crystal, minmay_statues_item, serial_bayou_pond_b,
          uniq_sigmund

Skill      XL: |  1  2 |
---------------+-------+-----
Unarmed Combat | 3 |  3.4
Transmutations | 2 |  2.0
Spellcasting   | 2 |  2.3
Dodging        | 2 |  2.0
Fighting       | |  0.8

Action                   || total
-------------------------++-------
Melee: Unarmed           ||    55
       Kick              ||    19
       Headbutt          ||     5
 Cast: Beastly Appendage ||    13
  Use: Scroll            ||     2
       Potion            ||     2
Armor: Robe              ||     4
       Leather armour    ||     8
Dodge: Dodged            ||    28
